 Dungeon Crawl Stone Soup version 0.31-a0-1589-g8f5e8aebd6 (webtiles) character file.

Game seed: 15047916640442879606

14 boner the Conjurer (level 2, -2/17 HPs)
             Began as a Gargoyle Reaver on Jan 6, 2024.
             Slain by an ogre
             ... wielding a +0 giant club
              (19 damage)
             ... on level 5 of the Dungeon.
             The game lasted 00:11:55 (548 turns).

boner the Conjurer (Gargoyle Reaver)                 Turns: 548, Time: 00:11:56

Health: -2/17      AC:  5    Str: 15    XL:     2   Next: 45%
Magic:  5/5        EV: 11    Int: 13    God:
Gold:   81         SH:  0    Dex:  8    Spells: 4/5 levels left

rFire   . . .        a - +0 mace
rCold   . . .        (no shield)
rNeg    + . .        b - +0 leather armour
rPois   ∞            (no helmet)
rElec   +            (no cloak)
rCorr   .            (no gloves)
SInv    .            (no boots)
Will    .....        (no amulet)
Stlth   +            (no ring)
HPRegen 0.22/turn    (no ring)
MPRegen 0.09/turn

%: no passive effects
@: no status effects
A: sickness immunity, AC +2, negative energy resistance 1, electricity
resistance, torment resistance 1, petrification resistance
a: no special abilities


You were on level 5 of the Dungeon.
You visited 1 branch of the dungeon, and saw 5 of its levels.

You collected 81 gold pieces.

Inventory:

Hand Weapons
 a - a +0 mace (weapon)
Armour
 b - a +0 leather armour (worn)
 e - a +0 chain mail
Jewellery
 g - a ring of see invisible
Scrolls
 c - 3 scrolls of identify {unknown}
Potions
 d - a potion of enlightenment {unknown}
 f - a potion of lignification {unknown}
 h - a potion of might {unknown}


   Skills:
 + Level 2.2 Fighting
 + Level 3.3 Maces & Flails
 + Level 1.6 Dodging
 + Level 2.0 Spellcasting
 + Level 3.7 Conjurations


You had 4 spell levels left.
You knew the following spells:

 Your Spells              Type           Power      Damage    Failure   Level
a - Kiss of Death         Conj/Necr      24%        2d7       14%         1

Your spell library contained the following spells:

 Spells                   Type           Power      Damage    Failure   Level
 Momentum Strike          Conj/Tloc      12%        3d8       22%         2
 Hailstorm                Conj/Ice       6%         3d5       41%         3


Dungeon Overview and Level Annotations

Branches:
Dungeon (5/15)
 Temple: D:4-7

Altars:


Innate Abilities, Weirdness & Mutations

You are immune to sickness and miasma.
Your stone body is resilient. (AC +2)
You are immune to poison.
You resist negative energy. (rN+)
You are resistant to electric shocks. (rElec)
You are resistant to unholy torment.
You are immune to petrification.


Message History

There is a stone staircase leading up here.
c - 3 scrolls labelled RIGHOSSU WOGU (gained 1)
You open the door.
Found a stone staircase leading up.
Found a stone staircase leading down.
Found an escape hatch in the ceiling.
There is a stone staircase leading down here.
There is an escape hatch in the ceiling here.
You open the door.
Found a cyan potion and a glowing opal ring.
Found 3 gold pieces.
There is an open door here.
f - a cyan potion
g - a ring of see invisible You now have 79 gold pieces (gained 3).
You open the door.
There is an open door here.
There is an open door here.
Found 2 gold pieces.
Found a coppery potion.
h - a coppery potion You now have 81 gold pieces (gained 2).
There is a stone staircase leading down here.
You climb downwards.
There is a stone staircase leading up here.
Found a stone staircase leading down.
There is a stone staircase leading down here.
You climb downwards.
The ogre shouts!
Found a scroll labelled GILULI LEEPN.
There is a stone staircase leading up here.
The ogre barely misses you.
You see here a scroll labelled GILULI LEEPN.
You hit the ogre.
The ogre is lightly wounded.
You hit the ogre.
The ogre is lightly wounded.
The ogre hits you with a +0 giant club!!
Ouch! That really hurt!
You die...

#...# #...## ..
#.... ...
#######...##...
...............
...............
.............#
#@O.#####
#........
#...##### #.<.#
#.S.# .......
#.#...#.#
#.##...... .
...#.##.


You could see an ogre and an adder.

Vanquished Creatures
  2 endoplasms
  A giant cockroach (D:2)
  2 goblins (D:1)
  3 hobgoblins (D:1)
  A quokka (D:2)
  2 ball pythons (D:2)
11 creatures vanquished.

Notes
Turn   | Place    | Note
-------+----------+-------------------------------------------
     0 | D:1      | boner the Gargoyle Reaver began the quest for the Orb.
     0 | D:1      | Reached XP level 1. HP: 12/12 MP: 3/3
   175 | D:1      | Reached XP level 2. HP: 17/17 MP: 5/5
   543 | D:5      | Entered Level 5 of the Dungeon
   543 | D:5      | Noticed an ogre
   548 | D:5      | Slain by an ogre

Illustrated notes

Levels and vault maps discovered:
D:1:      minmay_arrival_stone_box, layout_rooms
D:2:      wad_river_or_something, layout_loops_corners, grunt_ministairs_13
D:3:      cheibrodos_greedy_goblins, layout_basic, lemuel_round_altar,
          serial_bayou_pond_b, minmay_misc_feat_x
D:4:      layout_basic, minmay_temple_entry_grid,
          hellmonk_ghost_happy_afterlife, nicolae_grassy_gnolls
D:5:      layout_loops_cross, nicolae_houndstooth_variations

Action                     || total
---------------------------++-------
  Melee: Mace              ||    32
 Armour: Leather armour    ||    22
  Dodge: Dodged            ||    24

Table legend: (Time is in decaauts)
 A = Elapsed time spent in this place.
 B = Non-inter-level travel time spent in this place.
 C = Inter-level travel time spent in this place.
 D = Time resting spent in this place.
 E = Time spent auto-exploring this place.
 F = Levels seen in this place.
 G = Mean time per level.
                   A        B        C        D        E       F      G
               +--------+--------+--------+--------+--------+-----+--------+
         Total |    554 |    203 |    351 |      0 |      0 |   5 |  110.8 |
       Dungeon |    554 |    203 |    351 |      0 |      0 |   5 |  110.8 |
               +--------+--------+--------+--------+--------+-----+--------+

Top non-repeatable levels by time:
     D:1: 292 daAuts
     D:2: 123 daAuts
     D:3: 122 daAuts
     D:4: 10 daAuts
     D:5: 5 daAuts
